 Dungeon Crawl Stone Soup version 0.32-a0-128-g77eb882913 (webtiles) character file.

Game seed: 10715348909916436342

28 hikkokomori the Shield-Bearer (level 3, -5/29 HPs)
             Began as a Formicid Fighter on Feb 7, 2024.
             Succumbed to Robin's poison
             ... while paralysed
             ... on level 2 of the Dungeon.
             The game lasted 00:01:38 (743 turns).

hikkokomori the Shield-Bearer (Formicid Fighter)     Turns: 743, Time: 00:01:38

Health: -5/29      AC:  8    Str: 21 (22) XL:     3   Next: 27%
Magic:  3/3        EV:  2    Int:  0 (2)  God:
Gold:   66         SH:  0    Dex: 10 (13) Spells: 2/2 levels left

rFire   . . .        k - +7 hand axe of Change {distort, rElec rCorr Int-5}
rCold   . . .        c - +0 buckler
rNeg    . . .        b - +0 scale mail
rPois   .            (helmet unavailable)
rElec   +            (no cloak)
rCorr   +            j - +0 pair of gloves
SInv    +            (no boots)
Will    .....        (no amulet) Stlth
                     (no ring)
HPRegen 0.24/turn    (no ring)
MPRegen 0.08/turn

%: no passive effects
@: paralysed, lethally poisoned (-5 -> -29), slowed, lost intelligence, unable
to read
A: permanent stasis, dig shafts and tunnels, antennae 3, four strong arms
a: Dig, Shaft Self


You were on level 2 of the Dungeon.
You visited 1 branch of the dungeon, and saw 2 of its levels.

You collected 66 gold pieces.

Inventory:

Hand Weapons
 a - a +0 war axe
 k - the +7 hand axe of Change (weapon) {distort, rElec rCorr Int-5}
   (You found it on level 2 of the Dungeon)

   Int-5:     It affects your intelligence (-5).
   rElec:     It insulates you from electricity.
   rCorr:     It protects you from acid and corrosion.
Missiles
 i - 6 boomerangs
Armour
 b - a +0 scale mail (worn)
 c - a +0 buckler (worn)
 j - a +0 pair of gloves (worn)
Scrolls
 g - a scroll of identify {unknown}
Potions
 d - a potion of might
 e - a potion of magic {unknown}
 f - a potion of ambrosia {unknown}
 h - a potion of degeneration


   Skills:
 - Level 3.2 Fighting
 + Level 2.8 Axes
 - Level 3.2 Armour
 + Level 4.8 Shields


You had 2 spell levels left.
You didn't know any spells.
Your spell library contained the following spells:

 Spells                   Type           Power      Damage    Failure   Level
 Lesser Beckoning         Tloc           0%         N/A       98%         2
 Gell's Gravitas          Tloc           0%         N/A       100%        3
 Teleport Other           Tloc           0%         N/A       100%        3


Dungeon Overview and Level Annotations

Branches:
Dungeon (2/15)

Altars:

Annotations:
D:2 Jessica, Robin


Innate Abilities, Weirdness & Mutations

You cannot be hasted, slowed, berserked, paralysed or teleported.
You can dig through walls and to a lower floor.
You have a pair of large antennae on your head. (SInv)
Your four strong arms can wield two-handed weapons with a shield.


Message History

The goblin shoots a sling bullet.
The sling bullet hits you but does no damage.
You closely miss the goblin. Robin throws the goblin at you!
The goblin hits you with a +0 dagger.
The goblin shoots a sling bullet.
You block the sling bullet.
You slash the goblin!
You kill the goblin!
You slash the goblin!
You kill the goblin!
The goblin shoots a sling bullet.
The sling bullet hits you.
You completely miss the goblin.
The goblin unwields a +0 sling.
The goblin wields a +0 dagger.
You block the goblin's attack.
You closely miss the goblin.
Jessica the Apprentice Sorceress comes into view.
She is wielding a +0 dagger.
Robin hits you from afar with a +2 spear of venom.
You are poisoned.
You block the goblin's attack.
Robin hits you from afar with a +2 spear of venom.
You are lethally poisoned!
You closely miss the goblin.
You feel very sick.
Jessica shouts!
The goblin hits you with a +0 dagger.
Robin points. "Kill!"
Robin throws the goblin at you!
A goblin comes into view. It is wielding a +0 club.
You are too injured to fight recklessly!
You are too injured to fight recklessly!
You are too injured to fight recklessly!
It was a potion of degeneration.
There was something very wrong with that liquid.
You feel weakened.
You feel dopey.
You have lost your intelligence.
You feel clumsy.
* * * LOW HITPOINT WARNING * * *
You feel very sick. The goblin hits you with a +0 dagger.
* * * LOW HITPOINT WARNING * * *
Robin hits you but does no damage.
You are more poisoned.
You die...

###########
#)g@.g.@.g.
#)#########
######.# {{
#......# {
####.###.##
.......<##########
####.###.........#
#.#†......###
#.#.........#


You could see Robin, Jessica and 2 goblins.

Vanquished Creatures
  5 endoplasms
  3 goblins (D:2)
  7 jackals (D:2)
  A quokka (D:2)
  A bat (D:2)
  A frilled lizard (D:2)
  2 kobolds
  4 rats
24 creatures vanquished.

Notes
Turn   | Place    | Note
-------+----------+-------------------------------------------
     0 | D:1      | hikkokomori the Formicid Fighter began the quest for the
                  | Orb.
     0 | D:1      | Reached XP level 1. HP: 18/18 MP: 1/1
    25 | D:1      | Found a faded altar of an unknown god.
   386 | D:1      | Reached XP level 2. HP: 24/24 MP: 2/2
   664 | D:2      | Reached XP level 3. HP: 29/29 MP: 3/3
   672 | D:2      | Identified the +7 hand axe of Change {distort, rElec rCorr
                  | Int-5}
   731 | D:2      | Noticed Robin
   740 | D:2      | Noticed Jessica
   742 | D:2      | Lost intelligence.
   742 | D:2      | HP: 1/29 [goblin/+0 dagger[Robin] (5)]
   743 | D:2      | Succumbed to Robin's poison

Illustrated notes

Levels and vault maps discovered:
D:1:      pf_arrival_petrified_forest, layout_basic,
          ebering_ecumenical_altar_webs, minivault_19
D:2:      layout_loops_ring, chequers_hall_statues_corner_a,
          minmay_crystal_room, uniq_jessica, uniq_robin

Action                     || total
---------------------------++-------
  Melee: War axe           ||    38
         Hand axe          ||    11
    Use: Potion            ||     1
 Armour: Scale mail        ||    39
  Dodge: Dodged            ||    14
  Block: Buckler           ||    20

Table legend: (Time is in decaauts)
 A = Elapsed time spent in this place.
 B = Non-inter-level travel time spent in this place.
 C = Inter-level travel time spent in this place.
 D = Time resting spent in this place.
 E = Time spent auto-exploring this place.
 F = Levels seen in this place.
 G = Mean time per level.
                   A        B        C        D        E       F      G
               +--------+--------+--------+--------+--------+-----+--------+
         Total |    759 |    699 |     60 |      0 |    553 |   2 |  379.5 |
       Dungeon |    759 |    699 |     60 |      0 |    553 |   2 |  379.5 |
               +--------+--------+--------+--------+--------+-----+--------+

Top non-repeatable levels by time:
     D:1: 518 daAuts
     D:2: 240 daAuts
